 Dungeon Crawl Stone Soup version 0.28-a0-984-g3775c662fe (webtiles) character file.

Game seed: 9730286393934141904

742 tilp the Chiller (level 7, 30/30 HPs)
             Began as a Felid Ice Elementalist on Dec 3, 2021.
             Quit the game on level 6 of the Dungeon on Dec 4, 2021.
             The game lasted 00:11:54 (9483 turns).

tilp the Chiller (Felid Ice Elementalist)           Turns: 9483, Time: 00:11:55

Health: 30/30      AC:  2    Str:  4    XL:     7   Next: 47%
Magic:  22/22      EV: 18    Int: 19    God:
Gold:   274        SH:  0    Dex: 16    Spells: 0/13 levels left
                                        Lives:  1   Deaths: 1

rFire   . . .      SeeInvis +     - Unarmed
rCold   . . .      Faith    .   (shield unavailable)
rNeg    . . .      Spirit   .   (armour unavailable)
rPois   .          Reflect  .   (helmet unavailable)
rElec   .          Harm     .   (cloak unavailable)
rCorr   +          Rampage  .   (gloves unavailable)
Will    +....                   (boots unavailable)
Stlth   +++.......              (no amulet)
HPRegen 0.10/turn               a - ring of resist corrosion
MPRegen 0.18/turn               g - ring of magical power

@: quick
A: very small, claws 1, fangs 3, see invisible, speed 1, shaggy fur 2, stealthy
paws, no weapons or thrown items, no armour, multi-lived
a: no special abilities


You were on level 6 of the Dungeon.
You visited 2 branches of the dungeon, and saw 7 of its levels.

You collected 274 gold pieces.

Inventory:

Jewellery
 a - a ring of resist corrosion (left paw)
 g - a ring of magical power (right paw)
Wands
 d - a wand of mindburst (1)
 f - a wand of polymorph (3)
Scrolls
 e - a scroll of blinking
Potions
 b - 2 potions of attraction
 c - 4 potions of curing
 h - 2 potions of heal wounds
 i - a potion of mutation {unknown}
 j - 2 potions of ambrosia {unknown}


   Skills:
 - Level 2.0 Fighting
 - Level 4.0 Dodging
 - Level 6.0 Stealth
 - Level 4.0 Unarmed Combat
 + Level 3.6 Spellcasting
 + Level 1.4 Conjurations
 + Level 3.0 Hexes
 + Level 6.3 Ice Magic
 - Level 4.0 Evocations


You couldn't memorise any spells.
You knew the following spells:

 Your Spells              Type           Power      Damage    Failure   Level
a - Freeze                Ice            100%       1d11      1%          1
b - Frozen Ramparts       Ice            54%        1d7       3%          3
c - Ozocubu's Armour      Ice            27%        N/A       3%          3
d - Hailstorm             Conj/Ice       18%        3d6       28%         4
e - Ensorcelled Hibernat  Hex/Ice        42%        N/A       3%          2

Your spell library contained the following spells:

 Spells                   Type           Power      Damage    Failure   Level
 Slow                     Hex            56%        N/A       4%          1
 Confusing Touch          Hex            14%        N/A       13%         3
 Dazzling Flash           Conj/Hex       22%        N/A       17%         3
 Corpse Rot               Necr/Air       6%         N/A       22%         2
 Poisonous Vapours        Pois/Air       6%         N/A       22%         2
 Sublimation of Blood     Necr           3%         N/A       22%         2
 Gell's Gravitas          Tloc           3%         N/A       41%         3
 Lesser Beckoning         Tloc           3%         N/A       41%         3
 Spider Form              Tmut/Pois      3%         N/A       41%         3
 Teleport Other           Tloc           3%         N/A       41%         3
 Vampiric Draining        Necr           3%         2d6       41%         3
 Petrify                  Tmut/Erth      3%         N/A       82%         4
 Silence                  Hex/Air        4%         N/A       91%         5
 Irradiate                Conj/Tmut      3%         3d14      96%         5
 Agony                    Necr           3%         N/A       99%         5


Dungeon Overview and Level Annotations

Branches:
Dungeon (6/15)             Temple (1/1) D:5

Altars:
Cheibriados
Dithmenos
Elyvilon
Fedhas
Gozag
Hepliaklqana
Trog
Uskayaw
Vehumet
Yredelemnul
The Shining One

Shops:
D:1 (   D:4 *

Annotations:
D:6 exclusion: steam dragon


Innate Abilities, Weirdness & Mutations

You have sharp claws.
You have razor-sharp teeth.
You have supernaturally acute eyesight. (SInv)
You cover ground quickly. (Speed+)
You are covered in thick fur. (AC +2)
Your paws help you pounce on unaware monsters.
You are incapable of wielding weapons or throwing items.
You cannot wear armour.
You gain extra lives every three experience levels.


Message History

The ice beast is severely wounded.
The ice beast closely misses you.
You scratch the ice beast.
The ice beast is severely wounded.
The ice beast misses you.
Aiming: Polymorph
Press: ? - help, Shift-Dir - straight line, f - ice beast
Aim: an ice beast (severely wounded, will become a swamp drake, a water moccasin, or a wyvern, chance to affect: 58%)
Okay, then.
Unknown command.
You scratch the ice beast.
The ice beast is severely wounded.
The ice beast hits you but does no damage.
You scratch the ice beast but do no damage.
The ice beast is severely wounded.
The ice beast closely misses you.
You scratch the ice beast.
The ice beast is severely wounded.
The ice beast misses you.
You scratch the ice beast.
The ice beast is almost dead.
The ice beast hits you.
* * * LOW HITPOINT WARNING * * *
The ice beast freezes you.
* * * LOW HITPOINT WARNING * * *
You barely miss the ice beast.
The ice beast is almost dead.
You barely miss the ice beast.
The ice beast is almost dead.
The ice beast hits you.
* * * LOW HITPOINT WARNING * * *
The ice beast freezes you!
You die...
You are now level 7!
You rejoin the land of the living...
Unknown command.
Unknown command.
Unknown command.
Unknown command.
Are you sure you want to abandon this character and quit the game? (Confirm with "yes".)

#.....# #..##<#
≈D⌠.....##.# ≈≈...#.###.#
#≈§.##.###.##
#####..##...## # #
##.#.....# .#
#.###.......#..#
#...@.........#
####...#...#..# # ##
###...##..#..# #< #.
##.........#..#
...##.###..........#..#
#......#..........#..#
...##.......?..........
...................>...
...##.#.#.###?.##..#####.#


There were no monsters in sight!

Vanquished Creatures
  A sky beast (D:5)
  A black bear (D:5)
  An orc warrior (D:4)
  3 ogres
  A phantom (D:5)
  A kobold brigand (D:4)
  A scorpion (D:4)
  7 wights (D:5)
  A hound (D:4)
  A jelly (D:4)
  2 centaur skeletons
  Terence (D:3)
  2 iguanas (D:5)
  2 orc wizards (D:4)
  A killer bee zombie (D:5)
  4 adders
  A shadow imp (D:5)
  2 ufetubi
  2 worms
  A dart slug (D:3)
  15 orcs
  9 ball pythons
  14 endoplasms
  A giant cockroach (D:2)
  7 goblins
  3 hobgoblins
  12 jackals
  17 kobolds
  5 quokkas
  7 bats
  3 frilled lizards
  A rat (D:2)
130 creatures vanquished.

Vanquished Creatures (others)
  2 fungi (D:4)
  A plant (D:2)
  9 toadstools (D:4)
12 creatures vanquished.

Grand Total: 142 creatures vanquished

Notes
Turn   | Place    | Note
-------+----------+-------------------------------------------
     0 | D:1      | tilp the Felid Ice Elementalist began the quest for the
                  | Orb.
     0 | D:1      | Reached XP level 1. HP: 7/7 MP: 4/4
    33 | D:1      | Found Piann's Weapon Boutique.
    84 | D:1      | Reached skill level 1 in Unarmed Combat
   158 | D:1      | Reached XP level 2. HP: 7/11 MP: 0/6
   984 | D:2      | Reached XP level 3. HP: 8/14 MP: 5/7
  1378 | D:1      | Learned a level 3 spell: Frozen Ramparts
  1811 | D:2      | Found a faded altar of an unknown god.
  2331 | D:3      | Reached XP level 4. HP: 14/18 MP: 4/8
  2434 | D:3      | Learned a level 3 spell: Ozocubu's Armour
  2455 | D:3      | Noticed Terence
  2467 | D:3      | Killed Terence
  3607 | D:4      | Noticed an ogre
  3616 | D:4      | Reached skill level 5 in Ice Magic
  3616 | D:4      | Reached XP level 5. HP: 19/21 MP: 6/10
  3812 | D:4      | Learned a level 2 spell: Ensorcelled Hibernation
  4248 | D:4      | Noticed an ogre
  4253 | D:4      | HP: 1/21 [ogre (20)]
  5026 | D:4      | Noticed an orc warrior
  5037 | D:4      | Gained mutation: You are covered in thick fur. (AC +2)
                  | [Felid growth]
  5037 | D:4      | Reached XP level 6. HP: 20/24 MP: 4/11
  5039 | D:4      | Killed an orc warrior
  5138 | D:4      | Found a white marble altar of Elyvilon.
  5326 | D:4      | Reached skill level 1 in Fighting
  5326 | D:4      | Reached XP level 7. HP: 28/28 MP: 4/12
  6067 | D:4      | Identified the +1 ring mail "Soufeif" {-Tele Harm rN++
                  | Will+}
  6368 | D:4      | Found an opulent altar of Gozag.
  6369 | D:4      | Found Gozag's Platinum Reserve.
  6882 | D:5      | Entered Level 5 of the Dungeon
  7865 | D:5      | Reached skill level 5 in Stealth
  7865 | D:5      | Reached XP level 8. HP: 24/33 MP: 9/13
  7945 | D:5      | Found a staircase to the Ecumenical Temple.
  7968 | D:5      | Reached skill level 1 in Hexes
  7973 | D:5      | Learned a level 4 spell: Hailstorm
  7988 | Temple   | Entered the Ecumenical Temple
  8719 | D:5      | Reached skill level 1 in Conjurations
  8885 | D:5      | Identified the +4 hand axe of the Sun {antimagic, *Noise
                  | rC++ rN+ rCorr}
  9481 | D:6      | Mangled by an ice beast
  9482 | D:6      | Reached XP level 7. HP: -9/29 MP: 22/22
  9483 | D:6      | Quit the game

Illustrated notes

Levels and vault maps discovered:
D:1:      dpeg_arrival_pits, layout_basic, serial_shops,
          nicolae_shop_statue_plus
D:2:      layout_rooms, ebering_ecumenical_altar_box, minmay_shallow_snake_nest
D:3:      layout_basic, eino_tiny_chamber, kennysheep_generic_room_14,
          uniq_terence
D:4:      cheibrodos_fertilizer, layout_loops_cross,
          nicolae_gozag_zags_fifth_avenue, elyvilon_altar_3, minmay_manual_mess
D:5:      layout_layer_cave, minmay_temple_entry_large_hall
D:6:      cheibrodos_steamvent, layout_loops_ring,
          grunt_temple_overflow_cloverleaf, lemuel_crystal_altar
Temple:   dpeg_three_leaves_temple

Skill      XL: |  1  2  3  4  5  6  7  8 |
---------------+-------------------------+-----
Unarmed Combat | 1 2 3 4 |  4.0
Ice Magic      | 4 5 6 |  6.3
Spellcasting   | 3 |  3.6
Evocations     | 4 |  4.0
Fighting       | 1 2 |  2.0
Dodging        | 4 |  4.0
Stealth        | 5 6 |  6.0
Hexes          | 3 |  3.0
Conjurations   | 1 |  1.4

Action                   |  1- 3 |  4- 6 |  7- 9 || total
-------------------------+-------+-------+-------++-------
Melee: Unarmed           |    27 |    24 |   104 ||   155
       Bite              |     2 |     5 |    11 ||    18
 Cast: Freeze            |    34 |    51 |    30 ||   115
       Frozen Ramparts   |     5 |    13 |    11 ||    29
       Ozocubu's Armour  |       |     6 |    17 ||    23
       Ensorcelled Hiber |       |    11 |     7 ||    18
Evoke: Wand              |       |       |     7 ||     7
  Use: Scroll            |     1 |     1 |     7 ||     9
 Stab: Sleeping          |     7 |     7 |     8 ||    22
Armor: Skin              |     4 |     4 |    20 ||    28
Dodge: Dodged            |    59 |    63 |    92 ||   214

Table legend: (Time is in decaauts)
 A = Elapsed time spent in this place.
 B = Non-inter-level travel time spent in this place.
 C = Inter-level travel time spent in this place.
 D = Time resting spent in this place.
 E = Time spent auto-exploring this place.
 F = Levels seen in this place.
 G = Mean time per level.
                   A        B        C        D        E       F      G
               +--------+--------+--------+--------+--------+-----+--------+
         Total |   8641 |   8384 |    257 |   2422 |   4833 |   7 | 1234.4 |
       Dungeon |   8537 |   8292 |    245 |   2422 |   4747 |   6 | 1422.8 |
        Temple |    104 |     92 |     12 |      0 |     85 |   1 |  104.0 |
               +--------+--------+--------+--------+--------+-----+--------+

Top non-repeatable levels by time:
     D:4: 2390 daAuts
     D:5: 2107 daAuts
     D:3: 1908 daAuts
     D:1: 1203 daAuts
     D:2: 817 daAuts
     D:6: 110 daAuts
  Temple: 104 daAuts
